 Dungeon Crawl Stone Soup version 0.20.1-1-g8b1a95d (webtiles) character file.

1277 miragecloak the Basher (level 8, -2/62 HPs)
             Began as a Formicid Abyssal Knight on July 14, 2017.
             Was a Priest of Lugonu.
             Slain by a killer bee (6 damage)
             ... on level 6 of the Dungeon.
             The game lasted 00:08:00 (6920 turns).

miragecloak the Basher (Formicid Abyssal Knight)    Turns: 6920, Time: 00:08:01

Health: -2/62      AC:  4    Str: 16    XL:     8   Next: 84%
Magic:  9/9        EV: 16    Int: 13    God:    Lugonu [***...]
Gold:   358        SH:  0    Dex: 18    Spells: 7/7 levels left

rFire    . . .     SeeInvis +   v - +2 mace (protect)
rCold    . . .     Gourm    .   (no shield)
rNeg     . . .     Faith    .   b - +0 leather armour
rPois    .         Spirit   .   (helmet unavailable)
rElec    .         Reflect  .   a - +0 cloak
rCorr    .         Harm     .   (no gloves)
MR       .....                  (no boots)
Stlth    +.........             E - amulet of regeneration
Regen    0.6/turn               t - +4 ring of evasion
MPRegen  0.2/turn               i - +6 ring of dexterity

@: no status effects
A: permanent stasis, dig shafts and tunnels, four strong arms, antennae 3
a: Dig, Shaft Self, Depart the Abyss, Bend Space, Banish, Renounce Religion


You were on level 6 of the Dungeon.
You worshipped Lugonu.
Lugonu was most pleased with you.
You were not hungry.

You visited 1 branch of the dungeon, and saw 7 of its levels.
You visited the Abyss 1 time.

You collected 358 gold pieces.

Inventory:

Hand Weapons
 v - a +2 mace of protection (weapon)
Armour
 a - a +0 cloak (worn)
 b - a +0 leather armour (worn)
 C - the +10 plate armour of the Sneaky People {*Corrode Dex+2 SInv Stlth+}
   (You found it on level 5 of the Dungeon)

   It affects your dexterity (+2).
   It lets you see invisible.
   It may corrode you when you take damage.
   It makes you more stealthy.
Jewellery
 i - a +6 ring of dexterity (right hand)
 t - a +4 ring of evasion (left hand)
 z - an uncursed ring of poison resistance {unknown}
 B - an uncursed ring of magical power {unknown}
 E - an amulet of regeneration (around neck)
Scrolls
 e - 2 scrolls of magic mapping {unknown}
 f - 5 scrolls of identify
 h - 2 scrolls of teleportation {unknown}
 j - 4 scrolls of remove curse {unknown}
 l - a scroll of random uselessness {unknown}
 m - a scroll of fog {unknown}
 o - a scroll of recharging {unknown}
 r - 2 scrolls of blinking {unknown}
 u - 2 scrolls of enchant armour {unknown}
 y - 2 scrolls of enchant weapon {unknown}
 F - a scroll of amnesia {unknown}
Potions
 d - 2 potions of agility
 k - 2 potions of lignification {unknown}
 n - 3 potions of heal wounds {unknown}
 s - 2 potions of magic {unknown}
 w - a potion of mutation {unknown}
 x - a potion of might {unknown}
 D - a potion of cancellation {unknown}
Comestibles
 c - 4 bread rations
 g - 3 meat rations
 q - 12 fruits
 A - 2 royal jellies


   Skills:
 - Level 5.1 Fighting
 + Level 9.0 Maces & Flails
 - Level 4.0 Armour
 - Level 1.3 Dodging
 - Level 2.1 Invocations


You had 7 spell levels left.
You didn't know any spells.

Dungeon Overview and Level Annotations

Branches:
Dungeon (7/15)             Temple (0/1) D:4

Altars:
Ashenzari
Dithmenos
Gozag
Makhleb
Trog
Vehumet


Innate Abilities, Weirdness & Mutations

You cannot be hasted, slowed, berserked, paralysed or teleported.
You can dig through walls and to a lower floor.
Your four strong arms can wield two-handed weapons with a shield.
You have a pair of large antennae on your head. (SInv)


Message History

The killer bee poisons you! The killer bee barely misses you.
The killer bee stings you but does no damage.
The killer bee completely misses you.
You feel better. The killer bee stings you!
* * * LOW HITPOINT WARNING * * *
You are poisoned.
The killer bee poisons you! The killer bee stings you.
* * * LOW HITPOINT WARNING * * *
The killer bee misses you. The killer bee closely misses you.
The killer bee stings you.
* * * LOW HITPOINT WARNING * * *
You are more poisoned.
The killer bee poisons you! The killer bee stings you!
* * * LOW HITPOINT WARNING * * *
You feel better. The killer bee stings you.
* * * LOW HITPOINT WARNING * * *
The killer bee stings you.
* * * LOW HITPOINT WARNING * * *
The killer bee closely misses you. The killer bee stings you.
You die...

.....'..#.#.###.##.# #.#
.....#.##.#.#.#.##.# #.#
.....#.##.#.#.#.##.# #.#
)....#.#......#.##.# #.#
.....#.#..#...#.##.# #.#
...#.#.#..#.#.#.##.# #.#
...#.#.#..#........# #.#
)..#......#.###y...# #.#
...............y@..# #.#
.!.#......###.#..y.# #.#
...+..........#....###.#
...#......#..........#.#
............#........#.#
#.........#.#.#.###..#.#
..........#.#.#......#.#
..........#.#.#.#....#.#
....###...#.#.#.###..#.#


You could see 3 killer bees.

Vanquished Creatures
  2 ice beasts (D:6)
  A phantom (D:6)
  3 ogres
  A centaur (D:5)
  2 crimson imps
  3 hounds
  3 jellies
  2 iguanas
  5 orc wizards
  2 worker ants (D:4)
  A hound zombie (D:6)
  A howler monkey skeleton (D:5)
  6 adders
  An ooze (D:3)
  An adder skeleton (D:4)
  2 worms
  2 dart slugs
  4 leopard geckos
  11 orcs
  3 ball pythons (D:1)
  5 giant cockroaches
  8 goblins
  8 hobgoblins
  7 jackals
  A quokka (D:3)
  8 bats
  A frilled lizard (D:4)
  5 kobolds
  A leopard gecko zombie (D:5)
  A quokka skeleton (D:6)
  11 rats
112 creatures vanquished.

Notes
Turn   | Place    | Note
-------+----------+-------------------------------------------
     0 | Abyss:1  | miragecloak the Formicid Abyssal Knight began the quest for the Orb.
     0 | Abyss:1  | Reached XP level 1. HP: 18/18 MP: 2/2
    29 | Abyss:1  | Found a corrupted altar of Lugonu.
    87 | Abyss:1  | Noticed a small abomination
    88 | D:1      | Escaped the Abyss
   223 | D:1      | Reached XP level 2. HP: 23/24 MP: 3/3
   265 | D:1      | Reached * piety under Lugonu
   493 | D:1      | Reached skill level 3 in Maces & Flails
   740 | D:1      | Reached XP level 3. HP: 29/29 MP: 4/4
  1605 | D:1      | Reached skill level 4 in Maces & Flails
  1605 | D:1      | Reached XP level 4. HP: 4/35 MP: 5/5
  2411 | D:2      | Reached ** piety under Lugonu
  2421 | D:2      | You fall through a shaft!
  2576 | D:3      | Found a shattered altar of Ashenzari.
  2647 | D:3      | Reached XP level 5. HP: 13/41 MP: 6/6
  2819 | D:3      | Reached skill level 5 in Maces & Flails
  3367 | D:3      | Found a radiant altar of Vehumet.
  3702 | D:4      | Reached XP level 6. HP: 29/47 MP: 7/7
  3836 | D:4      | Reached *** piety under Lugonu
  3836 | D:4      | Reached skill level 6 in Maces & Flails
  4459 | D:4      | Noticed an ogre
  4465 | D:4      | Killed an ogre
  4465 | D:4      | Reached XP level 7. HP: 51/52 MP: 8/8
  4585 | D:4      | Reached skill level 7 in Maces & Flails
  4685 | D:4      | Found a staircase to the Ecumenical Temple.
  4747 | D:4      | Found a burning altar of Makhleb.
  4863 | D:5      | Entered Level 5 of the Dungeon
  5037 | D:5      | Got a smoking plate armour
  5049 | D:5      | Found a shadowy altar of Dithmenos.
  5077 | D:5      | Reached skill level 8 in Maces & Flails
  5283 | D:5      | Identified the +10 plate armour of the Sneaky People {*Corrode Dex+2 SInv Stlth+} (You found it on level 5 of the Dungeon)
  5309 | D:5      | Reached skill level 1 in Dodging
  5355 | D:5      | Reached XP level 8. HP: 29/58 MP: 9/9
  5580 | D:5      | Found a bloodstained altar of Trog.
  6073 | D:6      | Found an opulent altar of Gozag.
  6183 | D:6      | Reached skill level 5 in Fighting
  6806 | D:6      | Reached skill level 9 in Maces & Flails
  6919 | D:6      | HP: 2/62 [killer bee (7)]
  6920 | D:6      | Slain by a killer bee

Skill      XL: |  1  2  3  4  5  6  7  8 |
---------------+-------------------------+-----
Maces & Flails | 3 4 5 6 8 9 |  9.0
Dodging        | 1 |  1.3
Armour         | 3 4 |  4.0
Fighting       | 5 |  5.1
Invocations    | |  2.1

Action                   |  1- 3 |  4- 6 |  7- 9 || total
-------------------------+-------+-------+-------++-------
Melee: Mace              |    97 |   109 |   190 ||   396
       Flail             |       |    79 |       ||    79
Invok: Depart the Abyss  |     1 |       |       ||     1
 Abil: Shaft Self        |       |     1 |       ||     1
  Use: Potion            |       |     4 |     3 ||     7
       Scroll            |       |       |     1 ||     1
 Stab: Sleeping          |       |       |     2 ||     2
  Eat: Chunk             |     2 |     5 |     8 ||    15
       Bread ration      |       |     1 |       ||     1
Armor: Leather armour    |    29 |    53 |    41 ||   123
Dodge: Dodged            |    49 |   175 |   150 ||   374
